 Dungeon Crawl Stone Soup version 0.28.0-1-gb440e238dd (webtiles) character file.

Game seed: 15777482310089238031

95 Woods the Skirmisher (level 4, -3/41 HPs)
             Began as a Hill Orc Fighter on Feb 26, 2022.
             Killed from afar by Robin (8 damage)
             ... with a puff of flame
             ... on level 3 of the Dungeon.
             The game lasted 00:02:12 (2204 turns).

Woods the Skirmisher (Hill Orc Fighter)             Turns: 2204, Time: 00:02:13

Health: -3/41      AC: 11    Str: 18    XL:     4   Next: 66%
Magic:  4/4        EV:  6    Int:  8    God:
Gold:   56         SH:  5    Dex: 12    Spells: 3/3 levels left

rFire   . . .      SeeInvis .   a - +0 war axe
rCold   . . .      Faith    .   c - +0 buckler
rNeg    . . .      Spirit   .   e - +0 chain mail
rPois   .          Reflect  .   h - +0 helmet
rElec   .          Harm     .   (no cloak)
rCorr   .          Rampage  .   g - +0 pair of gloves
Will    .....                   (no boots)
Stlth   ..........              (no amulet)
HPRegen 0.13/turn               (no ring)
MPRegen 0.09/turn               (no ring)

@: lethally poisoned (-3 -> -7)
A: no striking features
a: no special abilities


You were on level 3 of the Dungeon.
You visited 1 branch of the dungeon, and saw 3 of its levels.

You collected 56 gold pieces.

Inventory:

Hand Weapons
 a - a +0 war axe (weapon)
Armour
 c - a +0 buckler (worn)
 e - a +0 chain mail (worn)
 g - a +0 pair of gloves (worn)
 h - a +0 helmet (worn)
Scrolls
 b - 2 scrolls of identify {unknown}
 f - a scroll of teleportation {unknown}
 j - a scroll of amnesia {unknown}
Potions
 d - a potion of might
 i - a potion of curing {unknown}
 k - a potion of flight {unknown}


   Skills:
 + Level 4.4 Fighting
 + Level 3.7 Axes
 + Level 4.1 Armour
 + Level 4.1 Shields


You had 3 spell levels left.
You didn't know any spells.
Your spell library was empty.

Dungeon Overview and Level Annotations

Branches:
Dungeon (3/15)

Altars:

Annotations:
D:3 Robin


Message History

The adder is heavily wounded.
You feel sick. The adder barely misses you.
You closely miss the adder.
The adder is heavily wounded.
You feel sick. The adder bites you.
You are more poisoned.
The adder poisons you! The adder barely misses you.
Robin throws the goblin at you!
You closely miss the adder.
The adder is heavily wounded.
You hit the goblin.
You kill the goblin!
You feel sick. The adder bites you but does no damage.
The adder barely misses you.
Robin hits you from afar with a +0 spear.
* * * LOW HITPOINT WARNING * * *
You barely miss the adder.
The adder is heavily wounded.
You feel sick. The adder barely misses you. You block Robin's attack.
The adder bites you but does no damage.
You feel sick.
The hobgoblin no longer looks unusually strong.
You completely miss the adder.
The adder is heavily wounded.
You feel sick.
You are no longer poisoned.
The adder bites you.
* * * LOW HITPOINT WARNING * * *
You are poisoned.
The adder poisons you!
You closely miss the adder.
The adder is heavily wounded.
You closely miss the hobgoblin.
* * * LOW HITPOINT WARNING * * *
You feel sick. You block the adder's attack.
Robin roars a battlecry!
The hobgoblin goes into a battle-frenzy!
The hobgoblin barely misses you. The adder bites you but does no damage.
Robin zaps a wand.
The puff of flame hits you!
You die...

....#............#.....#.....
. #.........##.............
#........................
#.........#.)............
#######...#..............
##........#####g).$
#..g.....#....)...
#..#.#)..#..g†####
#@S#g.)..+..)g#
#)g..).#.#....#
#..###.......... #...
.........g. #..###...........
##.# .........)$. #.#
.....#####... #.# .....# #.
.....


You could see Robin, an adder and a hobgoblin (strong).

Vanquished Creatures
  3 adders
  2 worms (D:2)
  2 dart slugs
  2 ball pythons
  5 bats
  3 endoplasms
  4 giant cockroaches
  12 goblins
  7 hobgoblins
  9 kobolds
  A quokka (D:1)
  A frilled lizard (D:2)
  3 rats
54 creatures vanquished.

Notes
Turn   | Place    | Note
-------+----------+-------------------------------------------
     0 | D:1      | Woods the Hill Orc Fighter began the quest for the Orb.
     0 | D:1      | Reached XP level 1. HP: 19/19 MP: 1/1
   127 | D:1      | Reached XP level 2. HP: 19/27 MP: 2/2
  1038 | D:2      | Reached XP level 3. HP: 33/33 MP: 3/3
  1935 | D:2      | Reached XP level 4. HP: 38/40 MP: 4/4
  2169 | D:3      | Noticed Robin
  2204 | D:3      | Killed from afar by Robin

Illustrated notes

Levels and vault maps discovered:
D:1:      erik_arrival_orb_chamber, layout_loops_ring
D:2:      layout_loops_cross
D:3:      minmay_octagon_keep, layout_basic, minmay_misc_feat_columns,
          uniq_robin

Skill      XL: |  1  2  3  4 |
---------------+-------------+-----
Axes           | 3 |  3.7
Fighting       | 4 |  4.4
Armour         | 4 |  4.1
Shields        | 4 |  4.1

Action                   |  1- 3 |  4- 6 || total
-------------------------+-------+-------++-------
Melee: War axe           |   127 |    46 ||   173
Armor: Scale mail        |    27 |       ||    27
       Chain mail        |    62 |    39 ||   101
Dodge: Dodged            |    55 |    23 ||    78
Block: Buckler           |    31 |    19 ||    50
